 Dungeon Crawl Stone Soup version 0.19.1 (webtiles) character file.

63 tognito the Chopper (level 3, -4/34 HPs)
             Began as a Minotaur Berserker on Dec 22, 2016.
             Was a Believer of Trog.
             Slain by a kobold
             ... wielding a +1 whip of electrocution
              (17 damage)
             ... on level 2 of the Dungeon.
             The game lasted 00:02:36 (1130 turns).

tognito the Chopper (Minotaur Berserker)            Turns: 1130, Time: 00:02:38

Health: -4/34      AC:  8    Str: 22    XL:     3   Next: 87%
Magic:  2/2        EV:  7    Int:  4    God:    Trog [**....]
Gold:   13         SH:  0    Dex:  9    Spells: 0 memorised, 2 levels left

rFire  . . .     SeeInvis .     a - +0 hand axe
rCold  . . .     Gourm    .     m - +0 plate armour
rNeg   . . .     Faith    .     (no shield)
rPois  .         Spirit   .     (helmet restricted)
rElec  .         Reflect  .     (no cloak)
rCorr  .         Harm     .     (no gloves)
MR     .....                    l - +0 pair of boots
Stlth  ..........               (no amulet)
                                (no ring)
                                f - +1 ring of protection

@: no status effects
A: retaliatory headbutt, horns 2, deformed body, deterioration 1, no device heal
1
a: Berserk, Trog's Hand, Burn Spellbooks, Renounce Religion


You were on level 2 of the Dungeon.
You worshipped Trog.
Trog was pleased with you.
You were not hungry.

You visited 1 branch of the dungeon, and saw 2 of its levels.

You collected 13 gold pieces.

Inventory:

Hand Weapons
 a - a +0 hand axe (weapon)
Armour
 b - a +0 animal skin
 l - a +0 pair of boots (worn)
 m - a +0 plate armour (worn)
Jewellery
 f - a +1 ring of protection (left hand)
Scrolls
 d - a scroll of remove curse {unknown}
 e - a scroll of identify {unknown}
 h - a scroll of enchant weapon {unknown}
 i - 2 scrolls of recharging {unknown}
 j - a scroll of noise {unknown}
 k - a scroll of blinking {unknown}
Comestibles
 c - 2 bread rations
 g - a beef jerky
 n - 3 chunks of flesh
 o - a meat ration


   Skills:
 * Level 4.4 Fighting
 * Level 4.5 Axes
 + Level 3.1 Armour
 + Level 2.5 Dodging


You had 2 spell levels left.
You didn't know any spells.

Dungeon Overview and Level Annotations

Branches:
Dungeon (2/15)

Altars:
Hepliaklqana


Innate Abilities, Weirdness & Mutations

You reflexively headbutt those who attack you in melee.
You have a pair of horns on your head.
Armour fits poorly on your strangely shaped body.
Your body sometimes deteriorates upon taking damage.
Potions and wands are less effective at restoring your health.


Message History

You hit the ooze.
The ooze is almost dead.
You barely miss the kobold. The ooze hits you but does no damage.
Your plate armour prevents you from hitting the ooze.
You headbutt the ooze.
You kill the ooze!
Trog accepts your kill.
Your plate armour prevents you from hitting the kobold.
The kobold hits you but does no damage.
You are electrocuted!
Ouch! That really hurt!
You closely miss the kobold.
Your plate armour prevents you from hitting the kobold.
The kobold hits you but does no damage. x2
You closely miss the kobold.
You headbutt the kobold, but do no damage.
Your plate armour prevents you from hitting the kobold.
The quokka twitches its whiskers.
The kobold hits you but does no damage. x2; You are electrocuted!
Ouch! That really hurt!
You die...

#....................
#..#######.########.....
#..# #.########.....
#..#######..............
#.>.........#######.....
#.................#.....
...####.....#####....#
...# #.........KKr..#
...# #......###@###.#
...# #....#.#.....# ...+
#......#...>.# ...#
##.##.......... ..##
#.##..#.....#.# #.###
#.###.#.....#.# .... #.#
#.###.### # ..#. #.#
..... .. ..# #.# #. #..


You could see a quokka and 2 kobolds.

Vanquished Creatures
  2 adders (D:2)
  An ooze (D:2)
  A worm (D:2)
  2 leopard geckos (D:1)
  A ball python (D:2)
  A giant cockroach (D:1)
  4 goblins
  6 hobgoblins
  3 jackals (D:1)
  A kobold (D:1)
  6 bats
  2 frilled lizards (D:1)
  2 rats
32 creatures vanquished.

Notes
Turn   | Place    | Note
-------+----------+-------------------------------------------
     0 | D:1      | tognito the Minotaur Berserker began the quest for the Orb.
     0 | D:1      | Reached XP level 1. HP: 19/19 MP: 0/0
   443 | D:1      | Reached XP level 2. HP: 27/27 MP: 1/1
   923 | D:2      | Reached XP level 3. HP: 31/33 MP: 2/2
   942 | D:2      | Gained mutation: Your body sometimes deteriorates upon taking damage. [potion of mutation]
   942 | D:2      | Gained mutation: Armour fits poorly on your strangely shaped body. [potion of mutation]
   942 | D:2      | Gained mutation: Potions and wands are less effective at restoring your health. [potion of mutation]
   987 | D:2      | Found a hazy altar of Hepliaklqana.
   998 | D:2      | Reached ** piety under Trog
  1130 | D:2      | Slain by a kobold

Skill      XL: |  1  2 |
---------------+-------+-----
Fighting       | 4 |  4.4
Axes           | 4 |  4.5
Armour         | 3 |  3.1
Dodging        | |  2.5

Action                   || total
-------------------------++-------
Melee: Hand axe          ||    59
       Headbutt          ||    14
  Use: Potion            ||     2
  Eat: Chunk             ||     1
Armor: Animal skin       ||    15
       Plate armour      ||     7
Dodge: Dodged            ||    45
